[Event "Live Chess"]
[Site "Chess.com"]
[Date "2023.05.21"]
[Round "-"]
[White "LanceMaster23"]
[Black "Olisingapore"]
[Result "1-0"]
[WhiteElo "1937"]
[BlackElo "1795"]
[TimeControl "300"]
[EndTime "18:17:57 PDT"]
[Termination "LanceMaster23 won on time"]

1. f3 d5 2. e3 c5 3. d4 Nc6 4. Bb5 Bf5 5. c3 e6 6. Ne2 Nf6 7. Ng3 a6 8. Ba4 b5 9. Bc2 Bxc2 10. Qxc2 Bd6 11. Nd2 O-O 12. dxc5 Bxc5 13. Nb3 Qb6 14. Nd4 Nxd4 15. exd4 Bd6 16. a3 Rac8 17. Qd3 Rfe8 18. O-O Qc7 19. f4 Ng4 20. Bd2 Nf6 21. Rae1 Ne4 22. Nxe4 dxe4 23. Qxe4 g6 24. Qf3 Qc4 25. Re2 Qa2 26. Bc1 Qc4 27. Rfe1 a5 28. g4 b4 29. axb4 axb4 30. f5 bxc3 31. fxe6 fxe6 32. bxc3 Qxc3 33. Qxc3 Rxc3 34. Rxe6 Rxe6 35. Rxe6 Rxc1+ 36. Kf2 Bxh2 37. Re7 Rd1 38. Rd7 Rg1 39. Kf3 Rg3+ 40. Kf4 Ra3+ 41.
Kg5 Ra5+ 42. Kf6 Ra6+ 43. Ke7 Bf4 44. Rb7 Bg5+ 45. Kd7 Ra8 46. d5 Rd8+ 47. Ke6 Re8+ 48. Kd7 Kf8 49. d6 Ra8 50. Ke6 Re8+ 51. Kd7 Rd8+ 52.
Kc7 Re8 53. d7 Re7 54. Rb8+ Kf7 55. Rb3 Bf4+ 56. Kc6 Re6+ 57. Kb7 Rd6 58. Kc8 Rc6+ 59. Kb7 Re6 60. d8=Q Re7+ 61. Kc8 Rc7+ 62. Qxc7+ 1-0

[Event "Live Chess"]
[Site "Chess.com"]
[Date "2023.05.21"]
[Round "-"]
[White "Tilbs_12"]
[Black "worldchessleaguelive"]
[Result "1/2-1/2"]
[WhiteElo "1543"]
[BlackElo "1368"]
[TimeControl "300"]
[EndTime "18:18:18 PDT"]
[Termination "Game drawn by stalemate"]

1. e4 d5 2. exd5 Qxd5 3. Nc3 Qd8 4. d4 Nf6 5. Nf3 e6 6. Bc4 Be7 7. Bf4 O-O 8. O-O c6 9. Re1 b5 10. Bb3 a5 11. a4 b4 12. Ne4 Nbd7 13. c3 Nxe4 14.
Rxe4 Nf6 15. Re2 Ba6 16. Rd2 Nd5 17. Bxd5 cxd5 18. Ne5 Rc8 19. Rc2 f6 20. Nf3 b3 21.
Rd2 Bc4 22. Ne1 g5 23. Bg3 Bd6 24. Nd3 Bxg3 25. fxg3 Qd6 26. Nc5 Rxc5 27. dxc5 Qxc5+ 28. Kh1 e5 29. Qf3 e4 30. Qf5 e3 31. Rd4 e2 32.
Re1 Kg7 33. Qe6 Rf7 34. Rxe2 Bxe2 35. Qxe2 Re7 36. Qd2 Re4 37. h3 Rxd4 38. Qxd4 Qxd4 39. cxd4 Kg6 40. Kg1 Kf5 41. Kf2 Ke4 42. Ke2 Kxd4 43. Kd2 Kc4 44. h4 g4 45. Ke3 d4+ 46. Kd2 h5 47.
Ke2 d3+ 48. Kd2 Kd4 49. Kd1 Ke3 50. Ke1 f5 51. Kd1 d2 1/2-1/2

[Event "Live Chess"]
[Site "Chess.com"]
[Date "2023.05.21"]
[Round "-"]
[White "Cimon"]
[Black "luckywookie"]
[Result "1-0"]
[WhiteElo "1853"]
[BlackElo "756"]
[TimeControl "300"]
[EndTime "18:18:22 PDT"]
[Termination "Cimon won on time"]

1. Nf3 c6 2. d4 d5 3. c4 g6 4. Nc3 Bg7 5. e4 e6 6. Be2 Nd7 7. O-O Ne7 8. Bg5 O-O 9. Qd2 Kh8 10. Rac1 Nb6 11. b3 Qd7 12. c5 dxe4 13. Nxe4 Nbd5 14.
Nd6 Ng8 15. b4 f6 16. Bh4 Bh6 17. Qb2 Bxc1 18. Rxc1 g5 19. Bg3 Nf4 20. Bxf4 gxf4 21. Bc4 Qg7 22. Nxc8 Raxc8 23. Bxe6 Rce8 24. Qb3 Nh6 25. h3 Re7 26. d5 cxd5 27. Bxd5 Rfe8 28. b5 Re2 29. c6 Rxf2 30. Kxf2 Qg3+ 31. Kg1 Nf5 32.
Qc3 Ne3 33. Qxf6+ Qg7 34. Qxg7+ Kxg7 35. c7 Rc8 36. Bxb7 Nd5 37. Bxd5 Rxc7 38. Rxc7+ Kf6 39.
Rxa7 1-0

[Event "Live Chess"]
[Site "Chess.com"]
[Date "2023.05.21"]
[Round "-"]
[White "AlanPaling"]
[Black "WelshTiger"]
[Result "0-1"]
[WhiteElo "1382"]
[BlackElo "2362"]
[TimeControl "300"]
[EndTime "18:18:41 PDT"]
[Termination "WelshTiger won by resignation"]

1. c4 e6 2. g3 d5 3. Bg2 Nf6 4.
Nf3 Be7 5. b3 c5 6. cxd5 exd5 7.
d4 O-O 8. O-O Nc6 9. Bb2 Bg4 10.
h3 Bf5 11. Kh2 Rc8 12. Nbd2 Nb4 13. a3 Na6 14. Rc1 h6 15. e3 Be6 16. dxc5 Nxc5 17.
Nb1 Nce4 18. Nfd2 Rxc1 19. Qxc1 Bd6 20. b4 Qb8 21. f4 Rc8 22. Qd1 Qc7 23. Nxe4 Nxe4 24.
Qd3 Qc2 25. Qxc2 Rxc2 26. Bd4 a6 27. Rd1 h5 28. h4 Nf2 29. Rd2 Ng4+ 30. Kg1 Rc1+ 0-1

[Event "Live Chess"]
[Site "Chess.com"]
[Date "2023.05.21"]
[Round "-"]
[White "Singapourfeuj"]
[Black "nigelst"]
[Result "1-0"]
[WhiteElo "2160"]
[BlackElo "1767"]
[TimeControl "300"]
[EndTime "18:18:51 PDT"]
[Termination "Singapourfeuj won by resignation"]

1. e4 c6 2. Nc3 d5 3. d3 e5 4. Nf3 Bg4 5. h3 Bxf3 6. Qxf3 Nf6 7. Bg5 Be7 8. Bxf6 Bxf6 9. exd5 cxd5 10. Nxd5 Nc6 11. Nxf6+ gxf6 12. Be2 Qb6 13. O-O Nd4 14.
Qe3 Qxb2 15. Rab1 Qxc2 16. Bg4 O-O 17. Rxb7 f5 18. Qxe5 Rad8 19. Bxf5 Qc6 20. Be4 Qe6 21. Qxe6 Nxe6 22. Rxa7 Nf4 23. a4 Nxd3 24. Bxd3 Rxd3 25. Ra1 Rfd8 26. Re7 Rd1+ 27. Re1 R1d2 28. a5 Rb2 29. a6 Rdd2 30. a7 Rxf2 31. a8=Q+ Kg7 32. Rf1 1-0

[Event "Live Chess"]
[Site "Chess.com"]
[Date "2023.05.21"]
[Round "-"]
[White "ExIsambard"]
[Black "CheckThis4"]
[Result "0-1"]
[WhiteElo "1923"]
[BlackElo "2514"]
[TimeControl "300"]
[EndTime "18:19:01 PDT"]
[Termination "CheckThis4 won by checkmate"]

1. d4 Nf6 2. Nf3 g6 3. Bg5 Bg7 4. e3 O-O 5. Bd3 d6 6. Nbd2 c5 7. Qe2 b6 8. O-O-O Bb7 9. h4 Nbd7 10. h5 b5 11. c3 b4 12. c4 a5 13. hxg6 fxg6 14.
Bh6 a4 15. Bxg7 Kxg7 16. Ng5 Kg8 17. Ne6 Qe8 18. Nxf8 Qxf8 19. d5 a3 20. b3 Qg7 21.
Nb1 Rf8 22. Rh4 Ne5 23. f3 Ba6 24. e4 g5 25. Rh3 Bc8 26. Rh2 h5 27. Rdh1 h4 28.
g3 Nh5 29. gxh4 Nf4 30. hxg5 Nexd3+ 31. Kd2 Nxe2 32. Kxe2 Nf4+ 33. Ke3 Qd4# 0-1

[Event "Live Chess"]
[Site "Chess.com"]
[Date "2023.05.21"]
[Round "-"]
[White "manthanit"]
[Black "laminaaprod"]
[Result "0-1"]
[WhiteElo "1055"]
[BlackElo "2264"]
[TimeControl "300"]
[EndTime "18:19:19 PDT"]
[Termination "laminaaprod won by checkmate"]

1. e4 e5 2. Nf3 d5 3. exd5 e4 4. Ne5 Qxd5 5. Qh5 Nf6 6. Bb5+ c6 7. Qxf7+ Qxf7 8. Nxf7 Kxf7 9. Bc4+ Be6 10. Na3 Bxa3 11. Bxe6+ Kxe6 12. bxa3 Nbd7 13. d3 Rae8 14. O-O exd3 15.
cxd3 Kf7 16. Be3 Re6 17. Rab1 b6 18. h3 Rhe8 19. Rfc1 c5 20. d4 Nd5 21. a4 Nxe3 22.
fxe3 Rxe3 23. Rf1+ Kg8 24. dxc5 Nxc5 25. a5 bxa5 26. Rb5 Ne4 27. Rxa5 Ng3 28. Rf2 h5 29. Rxa7 h4 30. a4 Re1+ 31. Kh2 Rh1# 0-1

[Event "Live Chess"]
[Site "Chess.com"]
[Date "2023.05.21"]
[Round "-"]
[White "whatnot126"]
[Black "smoggyrabbit"]
[Result "1-0"]
[WhiteElo "2051"]
[BlackElo "1743"]
[TimeControl "300"]
[EndTime "18:19:49 PDT"]
[Termination "whatnot126 won by resignation"]

1. e4 e6 2. d4 d5 3. e5 c5 4. c3 Nc6 5. Nf3 Bd7 6. Bd3 Rc8 7.
dxc5 Bxc5 8. b4 Bf8 9. Na3 Nge7 10. O-O Ng6 11. Re1 Qc7 12. Nb5 Qb8 13. a4 Ncxe5 14. Nxe5 Nxe5 15. Bf4 f6 16. Qh5+ Kd8 17. Rac1 Bxb5 18.
Bxb5 Bd6 19. Bxe5 Bxe5 20. Qf7 Qd6 21. c4 Rc7 22. Qh5 Qxb4 23. cxd5 Rxc1 24. Rxc1 Qd2 25. Rd1 Qb2 26. dxe6+ Kc7 27. Qf7+ Kb6 28. e7 Qc2 29. Qh5 g6 30. Qf3 Qc8 31. Qe3+ Kc7 32. Rc1+ Kb8 33. Rxc8+ Rxc8 34. e8=Q Rxe8 35. Bxe8 1-0

[Event "Live Chess"]
[Site "Chess.com"]
[Date "2023.05.21"]
[Round "-"]
[White "LodeshChess"]
[Black "ShanthamGrarks"]
[Result "0-1"]
[WhiteElo "1184"]
[BlackElo "2002"]
[TimeControl "300"]
[EndTime "18:19:49 PDT"]
[Termination "ShanthamGrarks won by resignation"]

1. e4 e6 2. d4 d5 3. e5 c5 4. c3 Nc6 5. Nf3 cxd4 6. Bd3 dxc3 7. Nxc3 Bb4 8. O-O h6 9. Qb3 Bxc3 10. Qxc3 Bd7 11.
Bb5 Rc8 12. Be3 a6 13. Bxc6 Bxc6 14. Qb3 Bb5 15. Rfc1 Ne7 16. Bc5 O-O 17. Qb4 Re8 18.
Bxe7 Rxc1+ 19. Rxc1 Qxe7 20. Qxe7 Rxe7 21. Rc8+ Kh7 22. h3 Rd7 23. Nd4 Bd3 24. b4 b6 25. a3 a5 26. bxa5 bxa5 27. f4 Rb7 28. Ra8 Rb1+ 29. Kf2 Be4 30. Rxa5 Rb2+ 31. Ne2 Bd3 32.
Ke3 Bxe2 33. Ra7 Bf1 34. Rxf7 Bxg2 35. h4 Rb3+ 36. Kd4 Rxa3 37. Re7 Bh3 38. Kc5 Bf5 39. Kd6 d4 40. Kc5 d3 41. Rd7 Ra4 42. Kb5 Rxf4 43. Kc6 Rxh4 44. Kc7 Rh2 45. Kd8 d2 46. Ke8 Rg2 47.
Kf8 h5 48. Kf7 h4 49. Rd8 h3 0-1

[Event "Live Chess"]
[Site "Chess.com"]
[Date "2023.05.21"]
[Round "-"]
[White "blowerd"]
[Black "Biranidun"]
[Result "0-1"]
[WhiteElo "1359"]
[BlackElo "2579"]
[TimeControl "300"]
[EndTime "18:20:00 PDT"]
[Termination "Biranidun won by checkmate"]

1. e4 c5 2. Nf3 d6 3. Bc4 Nf6 4.
Nc3 g6 5. d4 cxd4 6. Nxd4 Bg7 7. Bg5 O-O 8. Bxf6 Bxf6 9. O-O Nc6 10. Nxc6 bxc6 11. Qf3 Rb8 12. Bb3 Qa5 13. Na4 Kg7 14.
Rab1 h5 15. Nc3 Be6 16. Bxe6 fxe6 17. Rfd1 Rxb2 18. Rxb2 Bxc3 19. Rb3 Rxf3 20. gxf3 Be5 21. Rdb1 Qxa2 22. Rb7 Kf6 23. R7b3 Qxc2 24. Kg2 g5 25. f4 Bxf4 26. R1b2 Qxe4+ 27. f3 Qd5 28. Rb4 e5 29. Re4 g4 30. Rbe2 gxf3+ 31. Kxf3 Kf5 32.
h4 Qd3+ 33. Kg2 Qxe4+ 34. Rxe4 Kxe4 35. Kf2 a5 36. Ke2 a4 37. Kd1 a3 38. Kc2 d5 39.
Kb3 d4 40. Kxa3 d3 41. Kb3 Ke3 42. Kb2 d2 43. Kc2 Ke2 44. Kb2 d1=Q 45. Ka2 Qa4+ 46. Kb1 Qb4+ 47. Ka2 e4 48. Ka1 Be5+ 49. Ka2 Qb2# 0-1

[Event "Live Chess"]
[Site "Chess.com"]
[Date "2023.05.21"]
[Round "-"]
[White "nigelst"]
[Black "romchyk1219"]
[Result "1-0"]
[WhiteElo "1767"]
[BlackElo "633"]
[TimeControl "300"]
[EndTime "18:20:09 PDT"]
[Termination "nigelst won by checkmate"]

1. e4 d6 2. d4 Nf6 3. Nc3 g6 4.
f4 Bg7 5. e5 dxe5 6. dxe5 Nfd7 7.
Nf3 f6 8. e6 Nb6 9. Qxd8+ Kxd8 10. Nd4 f5 11. Be3 Bxd4 12. Bxd4 Bxe6 13. Bxh8 Nc4 14.
O-O-O+ Kc8 15. Bxc4 Bxc4 16. Nd5 Bxa2 17. Nxe7# 1-0

[Event "Live Chess"]
[Site "Chess.com"]
[Date "2023.05.21"]
[Round "-"]
[White "worldchessleaguelive"]
[Black "AlanPaling"]
[Result "1-0"]
[WhiteElo "1387"]
[BlackElo "1364"]
[TimeControl "300"]
[EndTime "18:21:00 PDT"]
[Termination "worldchessleaguelive won by resignation"]

1. d4 e5 2. dxe5 Nc6 3. Nf3 Qe7 4. e3 Nxe5 5. Nxe5 Qxe5 6. Be2 d5 7. O-O c6 8. Nc3 Nf6 9. Bf3 Bb4 10. Bd2 Bd6 11.
g3 O-O 12. Re1 Bh3 13. e4 d4 14. Nb1 c5 15. Bf4 Qe6 16. e5 Nd5 17. exd6 1-0

[Event "Live Chess"]
[Site "Chess.com"]
[Date "2023.05.21"]
[Round "-"]
[White "LiamBellwood"]
[Black "gmnorfolk"]
[Result "1-0"]
[WhiteElo "2059"]
[BlackElo "2110"]
[TimeControl "300"]
[EndTime "18:21:19 PDT"]
[Termination "LiamBellwood won on time"]

1. d4 Nf6 2. Nc3 d5 3. Bf4 e6 4. Nb5 Bb4+ 5. c3 Ba5 6. b4 Bb6 7. a4 a5 8. Nf3 O-O 9. e3 Nc6 10.
Qb3 axb4 11. cxb4 Nxb4 12. Bxc7 Bxc7 13. Nxc7 Qxc7 14. Qxb4 Ne4 15. Bb5 Bd7 16. O-O Bxb5 17. axb5 Rxa1 18. Rxa1 Rc8 19. b6 Qc2 20. Rf1 f6 21.
Qe7 Qc6 22. Qb4 Nd6 23. g3 Nc4 24. Rb1 Kf7 25. Ne1 e5 26. Nd3 Re8 27. Qb5 Re6 28. Nc5 Qxb5 29. Rxb5 Rxb6 30. Rxb6 Nxb6 31. Nxb7 Ke6 32. Nc5+ Kd6 33. Kf1 Nc4 34. Ke2 e4 35. g4 g6 36. h4 Nb6 37. f3 f5 38. gxf5 gxf5 39. fxe4 dxe4 40. Nb3 Nd5 41. Nd2 Ke6 42. Nc4 Kf6 43. Ne5 h6 44. Kf2 f4 45. exf4 Kf5 46.
Nf7 h5 47. Kg3 Nxf4 48. Nh6+ Kg6 49. Kxf4 Kxh6 50. Kxe4 Kg6 51. Ke5 Kf7 52. d5 Ke7 53. d6+ Kd7 54. Kd5 Kd8 55. Ke6 Ke8 56. Kf6 Kd7 57.
Kg6 Kxd6 58. Kxh5 Ke7 59. Kg6 Kf8 60. h5 Kg8 61. Kh6 Kh8 62. Kg6 Kg8 63. h6 Kh8 64. Kh5 Kg8 65. Kg5 Kh8 66. Kg6 Kg8 67. Kh5 Kh8 68.
Kg6 Kg8 69. h7+ 1-0

[Event "Live Chess"]
[Site "Chess.com"]
[Date "2023.05.21"]
[Round "-"]
[White "Hussamalhaidar"]
[Black "Jo1ts"]
[Result "1-0"]
[WhiteElo "1107"]
[BlackElo "830"]
[TimeControl "300"]
[EndTime "18:21:20 PDT"]
[Termination "Hussamalhaidar won on time"]

1. b3 d5 2. Bb2 Nc6 3. e3 e5 4. Bb5 Be6 5. Bxe5 a6 6. Bxc6+ bxc6 7.
Bb2 Nf6 8. Nf3 Bd6 9. Ne5 Bxe5 10. Bxe5 O-O 11. f4 Bg4 12. Qc1 Re8 13. Bb2 c5 14. O-O Ne4 15. d3 Nd6 16. Nc3 d4 17. exd4 cxd4 18.
Nd5 c6 19. Nb4 c5 20. Nc6 Qd7 21. Ne5 Qf5 22. Nxg4 Qxg4 23. Qd1 Qxd1 24. Raxd1 Nf5 25. Bc1 Re2 26. Rf2 Rxf2 27. Kxf2 Re8 28. Re1 Rxe1 29.
Kxe1 Nh4 30. Kf2 f6 31. Ba3 Ng6 32. g3 Ne7 33. Bxc5 Nf5 34. g4 Nh6 35. h3 f5 36.
g5 Nf7 37. Bxd4 h6 38. gxh6 gxh6 39. c4 Nd6 40. Bb6 Kf7 41. c5 Nb5 42. c6 Ke7 43. d4 Kd6 44. c7 Kd7 45. Ke3 Nxc7 46. Bxc7 Kxc7 47. d5 Kd6 48. Kd4 h5 49. h4 a5 50. a3 Kc7 51. Kc5 Kd7 52. b4 Kc7 53. b5 Kb7 54. d6 Kc8 55. Kc6 Kd8 56. d7 1-0

[Event "Live Chess"]
[Site "Chess.com"]
[Date "2023.05.21"]
[Round "-"]
[White "chessfiction"]
[Black "PaulyD81"]
[Result "1-0"]
[WhiteElo "2344"]
[BlackElo "1149"]
[TimeControl "300"]
[EndTime "18:21:20 PDT"]
[Termination "chessfiction won by checkmate"]

1. e4 e5 2. d4 exd4 3. c3 dxc3 4.
Bc4 Qf6 5. Nxc3 Bb4 6. Ne2 Nc6 7. O-O d6 8. Nd5 Qd8 9. Nef4 Nf6 10. Nxf6+ Qxf6 11. Nd5 Qd8 12. Nxb4 Nxb4 13. Qb3 Nc6 14. Bxf7+ Kf8 15. Bh5 Qg5 16. Qf7# 1-0

[Event "Live Chess"]
[Site "Chess.com"]
[Date "2023.05.21"]
[Round "-"]
[White "raminguy"]
[Black "Tushinskiy"]
[Result "0-1"]
[WhiteElo "1936"]
[BlackElo "2177"]
[TimeControl "300"]
[EndTime "18:21:37 PDT"]
[Termination "Tushinskiy won by resignation"]

1. d4 d5 2. Nc3 c6 3. Bf4 Nf6 4. e3 e6 5. Nf3 Bd6 6. Ne5 Qe7 7.
Bd3 Nbd7 8. g4 Nf8 9. g5 N6d7 10.
h4 Bxe5 11. dxe5 b5 12. h5 a5 13. Qf3 Nc5 14. Be2 Nfd7 15. g6 hxg6 16. hxg6 Rxh1+ 17. Qxh1 fxg6 18. Qh8+ Nf8 19. O-O-O Ba6 20. f3 b4 21.
Bxa6 bxc3 22. Be2 cxb2+ 23. Kxb2 Na4+ 24. Kc1 Qa3+ 25. Kd2 Qc3+ 26. Kc1 Rb8 0-1

[Event "Live Chess"]
[Site "Chess.com"]
[Date "2023.05.21"]
[Round "-"]
[White "laminaaprod"]
[Black "LodeshChess"]
[Result "1-0"]
[WhiteElo "2264"]
[BlackElo "1184"]
[TimeControl "300"]
[EndTime "18:22:07 PDT"]
[Termination "laminaaprod won by resignation"]

1. d4 Nf6 2. c4 e6 3. Nf3 Bb4+ 4.
Bd2 Bxd2+ 5. Nbxd2 O-O 6. e3 d5 7. Bd3 dxc4 8. Bxc4 b6 9. O-O Bb7 10. Bd3 Nc6 11. Qe2 Nb4 12. Bb1 Nbd5 13. e4 Nf4 14. Qe3 Ng6 15. h3 c5 16. Rd1 cxd4 17. Nxd4 Qc7 18. N2f3 Qc6 19. Nxc6 1-0

[Event "Live Chess"]
[Site "Chess.com"]
[Date "2023.05.21"]
[Round "-"]
[White "garyjc"]
[Black "Conradical12"]
[Result "0-1"]
[WhiteElo "1035"]
[BlackElo "1651"]
[TimeControl "300"]
[EndTime "18:22:23 PDT"]
[Termination "Conradical12 won by resignation"]

1. e4 e5 2. Nf3 Nc6 3. d4 exd4 4.
Nxd4 Nf6 5. Nc3 Bc5 6. Nb3 Bb6 7.
Nd5 O-O 8. Nxb6 cxb6 9. f3 d6 10.
Bg5 h6 11. Bh4 Re8 12. Bd3 Nxe4 13. Bxd8 Nc3+ 14. Kd2 Nxd1 15. Rhxd1 Rxd8 16. Re1 Be6 17. c3 Ne5 18. Nd4 Bc4 19. Re3 Bxd3 20. Rxd3 Nxd3 21. Kxd3 Re8 22. Nf5 Re5 23. Nxd6 Rd5+ 24. Kc4 Rxd6 0-1

[Event "Live Chess"]
[Site "Chess.com"]
[Date "2023.05.21"]
[Round "-"]
[White "Doge_Dandolo"]
[Black "ClassyChameleon"]
[Result "1-0"]
[WhiteElo "1923"]
[BlackElo "1099"]
[TimeControl "300"]
[EndTime "18:22:28 PDT"]
[Termination "Doge_Dandolo won on time"]

1. Nf3 c5 2. c4 Nc6 3. d4 b6 4. g3 Ba6 5. Qc2 cxd4 6. Bg2 g6 7. b3 Bg7 8. Bb2 Nh6 9. O-O O-O 10. Rd1 Nf5 11. Na3 e5 12. g4 Nh4 13. Nxh4 Qxh4 14. h3 Bb7 15. Nb5 Qf6 16. Ba3 Nb4 17. Bxb4 Bxg2 18. Kxg2 a5 19. Bxf8 Bxf8 20. Nc7 Qc6+ 21.
Nd5 d6 22. Qe4 Kg7 23. Qf3 b5 24. Rac1 Re8 25. cxb5 Qb7 26. a4 Be7 27. Rc7 Qb8 28. Rxe7 Rxe7 29. Nxe7 f6 30. Nd5 f5 31. gxf5 g5 32.
Rc1 Kh6 33. Rc6 Qf8 34. f6 Kg6 35. f7 h5 36. b6 Qxf7 37. Qxf7+ Kxf7 38. Rxd6 Ke8 39. Rc6 Kd7 40. Rc7+ Kd6 41. b7 Kxd5 42. b8=Q Kd6 43.
Qb6+ 1-0

[Event "Live Chess"]
[Site "Chess.com"]
[Date "2023.05.21"]
[Round "-"]
[White "manthanit"]
[Black "Singapourfeuj"]
[Result "0-1"]
[WhiteElo "1055"]
[BlackElo "2160"]
[TimeControl "300"]
[EndTime "18:22:46 PDT"]
[Termination "Singapourfeuj won by resignation"]

1. e4 c5 2. Nf3 d6 3. d4 cxd4 4. Nxd4 Nf6 5. Nc3 a6 6. a3 g6 7. h3 Bg7 8. Bd3 Nc6 9. Nxc6 bxc6 10. O-O O-O 11. Be3 Rb8 12. Qc1 Re8 13. Bh6 Bh8 14. Re1 Be6 15. e5 dxe5 16. Rxe5 Nd5 17. Rxe6 fxe6 18.
Bxg6 Nxc3 19. Qg5 Bf6 20. Bxh7+ Kxh7 21. Qh5 Ne2+ 22. Kh2 Qd5 23. Bg5+ Kg8 24. Qg6+ Bg7 25. Bh6 Qe5+ 26. g3 Qf6 27. Qxg7+ Qxg7 28. Bxg7 Kxg7 29.
Re1 Nd4 30. c3 Nf3+ 0-1

[Event "Live Chess"]
[Site "Chess.com"]
[Date "2023.05.21"]
[Round "-"]
[White "ViktorTheCoolBoy"]
[Black "wot-not"]
[Result "1-0"]
[WhiteElo "2520"]
[BlackElo "1541"]
[TimeControl "300"]
[EndTime "18:22:51 PDT"]
[Termination "ViktorTheCoolBoy won by resignation"]

1. d4 Nf6 2. Bg5 Ne4 3. Bf4 g5 4. Bc1 Bg7 5. f3 Nd6 6. Bxg5 f6 7. Be3 Nf5 8. Bf2 d5 9. e4 dxe4 10. fxe4 Nd6 11. Nc3 O-O 12. Nf3 f5 13. e5 Ne4 14.
Bc4+ Kh8 15. Nxe4 fxe4 16. Ng5 e6 17. Qh5 h6 18. Nxe4 Nc6 19. O-O-O Bd7 20. Be3 Be8 21. Qh3 Bg6 22. Bxh6 Bxe4 23. Bg5+ 1-0

[Event "Live Chess"]
[Site "Chess.com"]
[Date "2023.05.21"]
[Round "-"]
[White "domrobson"]
[Black "Missedidea"]
[Result "1-0"]
[WhiteElo "1759"]
[BlackElo "1825"]
[TimeControl "300"]
[EndTime "18:23:04 PDT"]
[Termination "domrobson won by resignation"]

1. d4 Nf6 2. c4 g6 3. Nc3 Bg7 4. e4 d6 5. Be2 O-O 6. Bg5 c5 7. d5 h6 8. Be3 Nbd7 9. Qd2 Kh7 10. f3 a6 11. g4 Ng8 12. h4 Rb8 13. a4 Ne5 14.
Nh3 e6 15. Nf2 exd5 16. exd5 Qe7 17. O-O-O Re8 18. Rde1 b5 19. cxb5 axb5 20. Nxb5 c4 21. f4 Nxg4 22. Bxg4 Bxg4 23. Nxg4 Qd7 24. f5 gxf5 25.
Nf2 Rxb5 26. axb5 Qxb5 27. Reg1 Bf6 28. Rg2 c3 29. bxc3 Qb3 30. Qc2 Qxc2+ 31. Kxc2 Rxe3 32.
Nd1 Rf3 33. Rf2 Rxf2+ 34. Nxf2 Ne7 35. c4 Ng6 36. h5 Ne5 37. Kb3 Ng4 38. Nxg4 fxg4 39.
Rg1 Bg5 40. Rxg4 f5 41. Rg1 f4 42. Kb4 Kg7 43. Kb5 Kf7 44. Kc6 f3 45. Rf1 Ke7 46.
Rxf3 Bf6 47. Rxf6 1-0

[Event "Live Chess"]
[Site "Chess.com"]
[Date "2023.05.21"]
[Round "-"]
[White "Fazer180"]
[Black "NateSolon"]
[Result "0-1"]
[WhiteElo "1751"]
[BlackElo "2662"]
[TimeControl "300"]
[EndTime "18:23:30 PDT"]
[Termination "NateSolon won by checkmate"]

1. e4 c5 2. Nf3 Nc6 3. d4 cxd4 4. Nxd4 e5 5. Nb5 d6 6. N1c3 a6 7. Na3 Be6 8. Nd5 Nf6 9. f3 Be7 10. c3 O-O 11. Be3 Bxd5 12. exd5 Nb8 13. Qb3 b5 14. Bd3 Nbd7 15. Nc2 Nh5 16. Nb4 Bg5 17. Nc6 Qf6 18. Bxg5 Qxg5 19. Qc2 Nf4 20. O-O Nxd5 21. Bxh7+ Kh8 22.
Be4 Ne3 23. Qd2 f5 24. Bd5 f4 25. Rfe1 Nb6 26. Bb3 Rf6 27. Nb4 Rh6 28. Nd5 Nbxd5 29. Bxd5 Rf8 30. Re2 Qh4 31. h3 Rff6 32. a4 Rfg6 33.
axb5 Qxh3 34. Rxe3 Qh1+ 35. Kf2 Rxg2# 0-1

[Event "Live Chess"]
[Site "Chess.com"]
[Date "2023.05.21"]
[Round "-"]
[White "GEMdzq"]
[Black "IgorSchukin"]
[Result "0-1"]
[WhiteElo "2247"]
[BlackElo "1783"]
[TimeControl "300"]
[EndTime "18:23:44 PDT"]
[Termination "IgorSchukin won by resignation"]

1. e4 c5 2. d4 cxd4 3. c3 dxc3 4. Nxc3 e6 5. Bc4 Nc6 6. Nf3 Bb4 7. O-O Nge7 8. Qd3 O-O 9. Rd1 Bxc3 10. bxc3 d5 11. exd5 exd5 12. Bxd5 Qxd5 13. Qxd5 Nxd5 14. Rxd5 Be6 15.
Rb5 b6 16. Be3 h6 17. a4 Rfd8 18. Nd4 Nxd4 19. Bxd4 Rd5 20. Rb2 Ra5 21. f3 Rc8 22. Rb4 Rc4 23. Kf2 Rxb4 24. cxb4 Rd5 25. Ke3 f6 26.
Rc1 a5 27. Bxb6 axb4 28. a5 Rb5 29. Bc7 Bc8 30. Kd4 Kf7 31. Kc4 Ba6 32. Kb3 Ke7 33.
Bb6 Kd6 34. Rc7 g5 35. Ra7 Bc8 36. Kc4 b3 37. Bd4 b2 38. Bxb2 Rxb2 39. Ra8 Be6+ 40. Kd4 Rd2+ 41. Ke4 Bd5+ 42. Kf5 Bxa8 43. Kxf6 Rxg2 44.
Kg6 Rxh2 0-1

[Event "Live Chess"]
[Site "Chess.com"]
[Date "2023.05.21"]
[Round "-"]
[White "Biranidun"]
[Black "nigelst"]
[Result "1-0"]
[WhiteElo "2579"]
[BlackElo "1767"]
[TimeControl "300"]
[EndTime "18:23:54 PDT"]
[Termination "Biranidun won by resignation"]

1. e4 c6 2. d4 d5 3. e5 c5 4.
dxc5 e6 5. a3 Bxc5 6. Nf3 Ne7 7.
b4 Bb6 8. Bb2 Nf5 9. Bd3 g6 10.
Nbd2 Bd7 11. h4 Bc6 12. g4 d4 13. gxf5 exf5 14. h5 Nd7 15. hxg6 fxg6 16. Nc4 Bc7 17. Rh3 Qe7 18. Bxd4 O-O-O 19. Qe2 Kb8 20. e6 Nf6 21. Bc5 Bd6 22. Bxd6+ Rxd6 23. Nxd6 Qxd6 24. Qe5 Qxe5+ 25.
Nxe5 Re8 26. Nxc6+ bxc6 27. Re3 Nd5 28. Re5 Nf4 29. Bc4 h5 30. Rd1 h4 31. e7 Kc7 32.
Rd4 g5 33. Rd8 Rxd8 34. exd8=Q+ Kxd8 35. Rxf5 h3 36. Rxg5 h2 37. Rg8+ Kc7 38. Rh8 1-0

[Event "Live Chess"]
[Site "Chess.com"]
[Date "2023.05.21"]
[Round "-"]
[White "Long1968"]
[Black "xx_blindpuffin_xx"]
[Result "0-1"]
[WhiteElo "1059"]
[BlackElo "2205"]
[TimeControl "300"]
[EndTime "18:24:00 PDT"]
[Termination "xx_blindpuffin_xx won on time"]

1. e4 b6 2. d4 Bb7 3. Nc3 e6 4.
Nf3 Bb4 5. Bd3 Nf6 6. Qe2 d5 7.
e5 Ne4 8. Bd2 Nxd2 9. Qxd2 Be7 10.
O-O c5 11. dxc5 bxc5 12. Bb5+ Bc6 13. Qd3 O-O 14. Rad1 Qb6 15. Bxc6 Nxc6 16. h4 c4 17. Qe3 Bc5 18. Qe2 Qxb2 19. Na4 Qa3 20. Nxc5 Qxc5 21. Rb1 Rab8 22. c3 Rb6 23. Qc2 Rfb8 24. Rxb6 Qxb6 25. Rc1 Qb2 0-1

[Event "Live Chess"]
[Site "Chess.com"]
[Date "2023.05.21"]
[Round "-"]
[White "1600x"]
[Black "KeithArkell"]
[Result "1-0"]
[WhiteElo "1892"]
[BlackElo "2573"]
[TimeControl "300"]
[EndTime "18:24:23 PDT"]
[Termination "1600x won by checkmate"]

1. e4 c6 2. d4 d5 3. e5 c5 4.
dxc5 Nc6 5. Nf3 Bg4 6. Bb5 Bxf3 7. Qxf3 Qa5+ 8. Nc3 e6 9. a3 Bxc5 10. Qg4 Bf8 11. Bd2 Qc7 12. O-O-O Ne7 13. f4 h5 14. Qf3 a6 15. Bd3 g6 16. Qf2 Rc8 17. Kb1 Nf5 18. Bxf5 gxf5 19. Be3 b5 20. Rxd5 exd5 21. Nxd5 Qb7 22.
Nf6+ Ke7 23. Bb6 Nb8 24. Rd1 Qc6 25. Rd6 Qxd6 26. exd6+ Kxf6 27. Qd4+ Kg6 28. Qxh8 Nd7 29. Bd4 f6 30. Qg8+ Kh6 31. Qe6 Rd8 32. Bxf6 Nc5 33.
Qg8 Re8 34. Bg5# 1-0

[Event "Live Chess"]
[Site "Chess.com"]
[Date "2023.05.21"]
[Round "-"]
[White "GMHarry-youtube"]
[Black "LutherSullivan"]
[Result "1-0"]
[WhiteElo "2057"]
[BlackElo "2128"]
[TimeControl "300"]
[EndTime "18:24:27 PDT"]
[Termination "GMHarry-youtube won by resignation"]

1. e4 e5 2. Nf3 Nc6 3. Bc4 Nf6 4. d3 Be7 5. c3 O-O 6. O-O d5 7. exd5 Nxd5 8. Re1 Nb6 9. Bb3 Bg4 10. h3 Bh5 11.
g4 Bg6 12. Nxe5 Nxe5 13. Rxe5 Bf6 14. Re3 Bg5 15. Rg3 Bxc1 16. Qxc1 Bxd3 17. Na3 Bg6 18. Qd1 c6 19. Nc4 Qg5 20. Nxb6 axb6 21. Qd7 Rab8 22.
Re1 Rfd8 23. Qe7 Qxe7 24. Rxe7 Kf8 25. Rc7 Re8 26. Rf3 Re7 27. Rxe7 Kxe7 28. Re3+ Kd6 29. f4 f5 30. Rd3+ Ke7 31. Re3+ Kf8 32. g5 Re8 33. Rxe8+ Bxe8 34. Be6 g6 35. Bc8 Ke7 36. Bxb7 Kd6 37. Ba6 b5 38. c4 b4 39. b3 Kc5 40. Bc8 Bf7 41. Bd7 Kd6 42. Bc8 Kc7 43. Ba6 Be6 44. c5 Bd5 45. Bc4 Be4 46. Bg8 Bb1 47. Bxh7 Bxa2 48. Bxg6 Bxb3 49. Bxf5 Bg8 50. h4 b3 51.
h5 b2 52. h6 Be6 53. Bb1 1-0